 Dungeon Crawl Stone Soup version 0.29-a0-330-g52719c12eb (webtiles) character file.

Game seed: 16028434549018205606

23148 tilp the Covert (level 12, -2/59 HPs)
             Began as a Felid Ice Elementalist on Apr 12, 2022.
             Was a High Priest of Vehumet.
             Slain by a warg (15 damage)
             ... on level 1 of the Orcish Mines on Apr 13, 2022.
             The game lasted 01:03:00 (35894 turns).

tilp the Covert (Felid Ice Elementalist)           Turns: 35894, Time: 01:03:01

Health: -2/59      AC:  3    Str:  4    XL:     12   Next: 69%
Magic:  8/23       EV: 22    Int: 21    God:    Vehumet [*****.]
Gold:   1150       SH:  0    Dex: 17    Spells: 5/25 levels left
                                        Lives:  0   Deaths: 2

rFire   . . .      SeeInvis +     - Unarmed
rCold   + + .      Faith    +   (shield unavailable)
rNeg    . . .      Spirit   .   (body armour unavailable)
rPois   +          Reflect  .   (helmet unavailable)
rElec   .          Harm     .   (cloak unavailable)
rCorr   .          Rampage  .   (gloves unavailable)
Will    +....                   (boots unavailable)
Stlth   ++++++....              p - amulet of faith
HPRegen 0.19/turn               m - ring of protection from cold
MPRegen 0.18/turn               F - ring of poison resistance

@: studying Stealth, quick
A: very small, claws 1, fangs 3, see invisible, speed 1, shaggy fur 3, stealthy
paws, no weapons or thrown items, no armour, multi-lived
a: Renounce Religion


You were on level 1 of the Orcish Mines.
You worshipped Vehumet.
Vehumet was extremely pleased with you.
You visited 4 branches of the dungeon, and saw 20 of its levels.
You also visited: Bailey.

You collected 1390 gold pieces.
You spent 240 gold pieces at shops.

Inventory:

Jewellery
 m - a ring of protection from cold (left paw)
 o - a ring of flight
 p - an amulet of faith (around neck)
 s - a +6 ring of dexterity
 x - a +6 ring of strength
 E - an amulet of reflection
 F - a ring of poison resistance (right paw)
 J - a +6 ring of intelligence
 M - a ring of protection from cold
 O - a ring of protection from cold
Wands
 q - a wand of paralysis (2)
 v - a wand of acid (19)
 B - a wand of digging (4)
 G - a wand of flame (14)
 Q - a wand of charming (7)
Scrolls
 c - 2 scrolls of immolation
 f - 7 scrolls of teleportation
 l - 5 scrolls of noise
 n - 2 scrolls of identify
 r - a scroll of acquirement
 t - 3 scrolls of fog
 u - 3 scrolls of torment
 y - a scroll of fear
 H - a scroll of holy word
 L - 3 scrolls of vulnerability
 N - a scroll of amnesia
 P - a scroll of summoning
Potions
 a - 3 potions of magic
 b - 5 potions of flight
 d - 18 potions of curing
 e - 4 potions of might
 g - 7 potions of heal wounds
 h - 2 potions of haste
 i - 4 potions of resistance
 j - 4 potions of brilliance
 k - a potion of cancellation
 w - a potion of attraction
 z - 2 potions of mutation
 A - 5 potions of invisibility
 K - a potion of berserk rage
Miscellaneous
 C - a lightning rod (4/4)
 I - a phial of floods


   Skills:
 + Level 10.9 Fighting
 - Level 8.0 Dodging
 + Level 14.7 Stealth
 * Level 7.6 Unarmed Combat
 - Level 7.0 Spellcasting
 - Level 12.0 Conjurations
 - Level 12.0 Ice Magic
 - Level 8.0 Evocations


You had 5 spell levels left.
You knew the following spells:

 Your Spells              Type           Power      Damage    Failure   Level
a - Freeze                Ice            100%       1d11      1%          1
b - Frozen Ramparts       Ice            100%       1d12      1%          3
c - Ozocubu's Armour      Ice            55%        N/A       1%          3
d - Hailstorm             Conj/Ice       55%        3d12      1%          4
e - Searing Ray           Conj           100%       2d8       1%          2
f - Ozocubu's Refrigerat  Ice            27%        4d10      14%         7

Your spell library contained the following spells:

 Spells                   Type           Power      Damage    Failure   Level
 Lee's Rapid Deconstruct  Erth           3%         3d6*      50%         5
 Foxfire                  Conj/Fire      100%       2x1d9     1%          1
 Shock                    Conj/Air       100%       1d9       1%          1
 Ensorcelled Hibernation  Hex/Ice        64%        N/A       1%          2
 Conjure Flame            Conj/Fire      32%        6-21      1%          3
 Dazzling Flash           Conj/Hex       64%        N/A       1%          3
 Flame Wave               Conj/Fire      32%        2d8       2%          4
 Fireball                 Conj/Fire      16%        3d8       5%          5
 Irradiate                Conj/Tmut      16%        3d18      5%          5
 Inner Flame              Hex/Fire       7%         N/A       7%          3
 Beastly Appendage        Tmut           14%        N/A       9%          1
 Wereblood                Tmut           7%         N/A       13%         2
 Gell's Gravitas          Tloc           7%         N/A       26%         3
 Lesser Beckoning         Tloc           7%         N/A       26%         3
 Spider Form              Tmut/Pois      7%         N/A       26%         3
 Teleport Other           Tloc           7%         N/A       26%         3
 Tukima's Dance           Hex            7%         N/A       26%         3
 Anguish                  Hex/Necr       3%         N/A       65%         4
 Leda's Liquefaction      Hex/Erth       3%         N/A       65%         4
 Passage of Golubria      Tloc           7%         N/A       65%         4
 Agony                    Necr           7%         N/A       94%         5
 Silence                  Hex/Air        3%         N/A       94%         5
 Enfeeble                 Hex            3%         N/A       100%        7
 Lehudib's Crystal Spear  Conj/Erth      16%        10d5      100%        8


Dungeon Overview and Level Annotations

Branches:
Dungeon (12/15)            Temple (1/1) D:5            Lair (5/6) D:8
  Swamp (0/4) Lair:4       Spider (0/4) Lair:4        Slime (0/5) Lair:5
    Orc (2/2) D:12            Elf (0/3) Orc:2        Bailey (visited)

Altars:
Ashenzari
Cheibriados
Dithmenos
Elyvilon
Fedhas
Gozag
Hepliaklqana
Kikubaaqudgha
Makhleb
Nemelex Xobeh
Okawaru
Qazlal
Ru
Sif Muna
Trog
Uskayaw
Vehumet
Wu Jian
Xom
Yredelemnul
Zin
The Shining One

Shops:
D:1 :   D:5 =   D:7 =   Orc:2 *(:(

Annotations:
D:9 1 runed translucent door (flayed ghost), exclusion: 4 skeletal warriors
D:10 dig vault
Lair:2 6 runed translucent doors (boulder beetles)
Lair:4 1 runed translucent door, Inib's ghost, journeyman TrFi; Urug
Lair:5 2 transporters, Seod's ghost, journeyman FoAK


Innate Abilities, Weirdness & Mutations

You have sharp claws.
You have razor-sharp teeth.
You have supernaturally acute eyesight. (SInv)
You cover ground quickly. (Speed+)
Your thick and shaggy fur keeps you warm. (AC +3, rC+)
Your paws help you pounce on unaware monsters.
You are incapable of wielding weapons or throwing items.
You cannot wear armour.
You gain extra lives every three experience levels.


Message History

The orc warrior is severely wounded.
The warg completely misses you.
Unknown command.
Unknown command.
Unknown command.
Unknown command.
Unknown command.
Casting: Hailstorm (safe; 1% risk of failure)
Confirm with . or Enter, or press ? or * to list all spells.
Casting: Hailstorm (safe; 1% risk of failure)
Press: ? - help, Dir - look around, f - activate A cannonade of hail descends around you!
The hail pelts the orc warrior!
You kill the orc warrior!
Vehumet accepts your kill.
You feel your power returning. The warg barely misses you.
The orc knight completely misses you.
Unknown command.
Unknown command.
Unknown command.
Unknown command.
Your icy armour will break if you move.
Continue?
Uppercase [Y]es or [N]o only, please.
Your icy armour will break if you move.
Continue?
Your icy armour cracks and falls away as you move.
The warg attacks as you move away! The warg misses you.
Casting: Hailstorm (safe; 1% risk of failure)
Confirm with . or Enter, or press ? or * to list all spells.
Casting: Hailstorm (safe; 1% risk of failure)
Press: ? - help, Dir - look around, f - activate A cannonade of hail descends around you!
The hail pelts the orc knight.
The orc knight is heavily wounded.
The warg misses you.
Unknown command.
Unknown command.
The warg attacks as you move away! The warg misses you.
The warg completely misses you. The warg attacks as you move away!
The warg misses you. The warg bites you!
You die...

#.....^.................###.
##.#......#..#.........)####
#.#......#####........[.#
##..........#.......)..##
##.........#......[####
##................#
##............<).#
##...........[###
##...@.......# ##..h......##
#...o.....[#
###.........####
##............#.###
###...............#.##
##.................[.†#
##.........##.........##
#.........##.........[##


You could see an orc knight and a warg.

Vanquished Creatures
  Kirke (D:12)
  Josephine (D:10)
  4 hydras
  Erolcha (D:10)
  A boulder beetle (D:12)
  3 two-headed ogres
  3 death yaks (D:8)
  Sonja (D:11)
  An orc high priest (Orc:2)
  A swamp dragon (Lair:1)
  The ghost of kae the Firebug, a novice TeFE of Sif Muna (D:8)
  Pikel (D:6)
  3 orc knights
  A deep elf pyromancer (D:11)
  3 cyclopes
  5 orc sorcerers
  7 elephants (Lair:4)
  6 slime creatures (D:12)
  An unseen horror (D:12)
  Psyche (D:10)
  3 black mambas
  7 cane toads
  3 rime drakes
  Maggie (D:6)
  8 komodo dragons
  3 trolls
  2 polar bears
  2 tarantellas (Lair:2)
  5 dream sheep (Lair:4)
  3 blink frogs (Lair:3)
  Sigmund (D:5)
  5 spriggans (Bailey)
  8 wraiths
  3 shadows
  A vampire (D:11)
  2 wyverns
  34 yaks
  14 fire bats (D:9)
  2 redbacks (Lair:2)
  7 hogs (D:12)
  3 steam dragons
  A basilisk (Lair:3)
  2 wargs (Orc:2)
  An acid dragon (D:12)
  6 water moccasins
  23 orc warriors
  A sky beast (D:6)
  8 ogres
  48 wolves
  10 centaurs
  A phantom (D:6)
  3 kobold brigands
  21 bullfrogs
  3 gnoll sergeants
  A necrophage (D:3)
  7 scorpions
  11 wights
  7 killer bees
  3 electric eels (D:10)
  3 howler monkeys (D:8)
  3 crimson imps
  2 jellies
  8 orc priests
  A gnoll shaman (D:4)
  Ijyb (D:4)
  An iguana (D:7)
  16 orc wizards
  Robin (D:2)
  22 gnolls
  10 adders
  A river rat (D:8)
  5 worms
  3 dart slugs
  67 orcs
  72 bats
  8 endoplasms
  5 giant cockroaches
  25 goblins
  8 hobgoblins
  5 quokkas
  7 ball pythons
  4 frilled lizards
  21 kobolds
  17 rats
636 creatures vanquished.

Vanquished Creatures (others)
  33 foxfires
  48 fungi
  22 plants
103 creatures vanquished.

Grand Total: 739 creatures vanquished

Notes
Turn   | Place    | Note
-------+----------+-------------------------------------------
     0 | D:1      | tilp the Felid Ice Elementalist began the quest for the
                  | Orb.
     0 | D:1      | Reached XP level 1. HP: 7/7 MP: 4/4
   441 | D:1      | Reached XP level 2. HP: 5/12 MP: 4/6
   465 | D:1      | Found a faded altar of an unknown god.
  1241 | D:1      | Found Soqata's Book Emporium.
  1299 | D:1      | Reached skill level 1 in Fighting
  1754 | D:1      | Reached XP level 3. HP: 15/15 MP: 5/7
  1758 | D:1      | Learned a level 3 spell: Frozen Ramparts
  2418 | D:2      | Learned a level 1 spell: Foxfire
  2779 | D:2      | Reached XP level 4. HP: 18/19 MP: 0/8
  3008 | D:2      | Noticed Robin
  3024 | D:2      | Killed Robin
  3772 | D:2      | Identified a scroll of acquirement
  3772 | D:2      | Acquired the Grimoire of the Cricket
  3823 | D:3      | Learned a level 3 spell: Ozocubu's Armour
  3847 | D:3      | Reached skill level 5 in Ice Magic
  3847 | D:3      | Reached XP level 5. HP: 22/22 MP: 3/10
  3959 | D:3      | Identified the +5 morningstar of the Beast {vorpal, MP-9
                  | Str+4 Int+2 SInv}
  4477 | D:3      | Found a sacrificial altar of Ru.
  4951 | D:3      | Learned a level 2 spell: Searing Ray
  4998 | D:4      | Noticed Ijyb
  5091 | D:4      | Found an opulent altar of Gozag.
  5170 | D:4      | Gained mutation: You are covered in thick fur. (AC +2)
                  | [Felid growth]
  5170 | D:4      | Reached XP level 6. HP: 26/26 MP: 2/11
  5386 | D:4      | Identified the +9 hand axe "Beetleslayer" {flame, Int+4}
  5562 | D:4      | Reached skill level 3 in Stealth
  5684 | D:4      | Found a white marble altar of Elyvilon.
  5696 | D:4      | Found a hazy altar of Hepliaklqana.
  5773 | D:4      | Reached skill level 1 in Unarmed Combat
  5935 | D:4      | Killed Ijyb
  6325 | D:5      | Entered Level 5 of the Dungeon
  6333 | D:5      | Reached skill level 4 in Stealth
  6531 | D:5      | Found Moh Joukhlaf's Jewellery Shop.
  6674 | D:5      | Noticed an ice beast
  6686 | D:5      | Noticed Sigmund
  7168 | D:5      | Found a staircase to the Ecumenical Temple.
  7181 | Temple   | Entered the Ecumenical Temple
  7314 | Temple   | Became a worshipper of Vehumet
  7353 | D:5      | Reached XP level 7. HP: 31/31 MP: 6/12
  7558 | D:5      | Reached skill level 1 in Evocations
  7827 | D:5      | Killed Sigmund
  7828 | D:5      | Reached skill level 5 in Stealth
  8162 | D:6      | Noticed a wyvern
  8408 | D:6      | Reached skill level 6 in Stealth
  8490 | D:6      | Reached skill level 1 in Conjurations
  8751 | D:6      | Killed a wyvern
  8752 | D:6      | Reached XP level 8. HP: 15/36 MP: 0/13
  9265 | D:6      | Noticed Pikel
  9278 | D:6      | Killed Pikel
  9279 | D:6      | Reached skill level 7 in Stealth
  9447 | D:6      | Reached skill level 8 in Stealth
  9789 | D:6      | Noticed Maggie
  9905 | D:6      | Reached skill level 5 in Fighting
  9905 | D:6      | Reached XP level 9. HP: 40/40 MP: 7/16
  9973 | D:6      | Found an ancient bone altar of Kikubaaqudgha.
 10085 | D:6      | Reached * piety under Vehumet
 10085 | D:6      | Offered knowledge of Magic Dart by Vehumet.
 10609 | D:7      | Found a flagged portal.
 10617 | Bailey   | Entered a bailey
 10732 | Bailey   | Reached skill level 5 in Conjurations
 10933 | Bailey   | Reached skill level 5 in Spellcasting
 11071 | Bailey   | Noticed a two-headed ogre
 11336 | Bailey   | Killed a two-headed ogre
 11337 | Bailey   | Reached XP level 10. HP: 14/45 MP: 4/18
 11806 | Bailey   | Reached skill level 5 in Dodging
 11806 | Bailey   | Reached skill level 5 in Evocations
 11806 | Bailey   | Reached XP level 11. HP: 49/49 MP: 18/21
 12108 | D:7      | Reached ** piety under Vehumet
 12108 | D:7      | Offered knowledge of Poisonous Vapours by Vehumet.
 12282 | D:7      | Found Gifymof's Jewellery Shoppe.
 12462 | D:7      | Found a hide-covered altar of Uskayaw.
 12718 | D:7      | Learned a level 4 spell: Hailstorm
 13074 | D:8      | Found a staircase to the Lair.
 13075 | D:8      | Noticed a death yak
 13075 | D:8      | Noticed a death yak
 13435 | D:8      | Offered knowledge of Mephitic Cloud by Vehumet.
 13575 | D:8      | Found a snail-covered altar of Cheibriados.
 13673 | D:8      | Found a runed translucent gate.
 13673 | D:8      | Found a runed translucent gate.
 13674 | D:8      | Found a runed translucent gate.
 13674 | D:8      | Noticed a nine-headed hydra
 13676 | D:8      | Noticed kae's ghost (novice TeFE)
 13755 | D:8      | Noticed a death yak
 13802 | D:8      | Killed a death yak
 13820 | D:8      | Killed a death yak
 14022 | D:8      | Reached *** piety under Vehumet
 14025 | D:8      | Killed a death yak
 14889 | D:8      | Found a snail-covered altar of Cheibriados.
 15135 | D:8      | Found a staircase to the Lair.
 15482 | D:8      | Found a snail-covered altar of Cheibriados.
 15545 | D:8      | Found a staircase to the Lair.
 16449 | D:9      | Offered knowledge of Sticky Flame by Vehumet.
 16513 | D:9      | Noticed a skeletal warrior
 16607 | D:9      | Noticed a skeletal warrior
 17032 | D:9      | Found a runed translucent door.
 17229 | D:9      | Noticed a flayed ghost
 17232 | D:9      | Found a stormy altar of Qazlal.
 17235 | D:9      | Reached **** piety under Vehumet
 17371 | D:9      | Found a shimmering altar of Xom.
 17372 | D:9      | Offered knowledge of Freezing Cloud by Vehumet.
 17392 | D:9      | Found an ornate altar of the Wu Jian Council.
 17575 | D:9      | Found a blossoming altar of Fedhas.
 17577 | D:9      | Reached ***** piety under Vehumet
 17577 | D:9      | Offered knowledge of Airstrike by Vehumet.
 17589 | D:9      | Found a shimmering altar of Xom.
 17719 | D:9      | Found a broken altar of Ashenzari.
 18040 | D:9      | Noticed a skeletal warrior
 18096 | D:9      | Noticed a skeletal warrior
 18199 | D:10     | Entered Level 10 of the Dungeon
 18206 | D:10     | Noticed Erolcha
 18219 | D:10     | Killed Erolcha
 18220 | D:10     | Gained mutation: Your thick and shaggy fur keeps you warm.
                  | (AC +3, rC+) [Felid growth]
 18220 | D:10     | Reached XP level 12. HP: 54/55 MP: 15/23
 18293 | D:10     | Noticed Psyche
 18294 | D:10     | Noticed Josephine
 18307 | D:10     | Killed Psyche
 18308 | D:10     | Reached skill level 10 in Ice Magic
 18309 | D:10     | Killed Josephine
 18310 | D:10     | Reached skill level 9 in Stealth
 18480 | D:10     | Reached skill level 10 in Conjurations
 18484 | D:10     | Reached skill level 10 in Stealth
 18499 | D:10     | Noticed a two-headed ogre
 18518 | D:10     | Killed a two-headed ogre
 19064 | D:10     | Noticed a two-headed ogre
 19080 | D:10     | Killed a two-headed ogre
 19904 | D:11     | Noticed Sonja
 19906 | D:11     | Killed Sonja
 19906 | D:11     | Offered knowledge of Spellforged Servitor by Vehumet.
 19907 | D:11     | Reached skill level 11 in Stealth
 21283 | D:10     | Noticed a boulder beetle
 21293 | D:10     | Noticed an ogre mage
 21293 | D:10     | Noticed a death knight
 21293 | D:10     | Noticed a four-headed hydra
 21806 | D:6      | Identified the +4 ring mail "Noeros" {rPois}
 21840 | D:6      | Killed Maggie
 21841 | D:6      | Reached skill level 12 in Stealth
 21952 | D:7      | Bought a ring of poison resistance for 240 gold pieces
 21981 | Lair:1   | Entered Level 1 of the Lair of Beasts
 22820 | Lair:1   | Offered knowledge of Ozocubu's Refrigeration by Vehumet.
 22823 | Lair:1   | Reached XP level 13. HP: 60/60 MP: 4/24
 23147 | Lair:1   | Learned a level 7 spell: Ozocubu's Refrigeration
 24040 | Lair:2   | Found a runed translucent door.
 25637 | Lair:3   | Found a dark tunnel.
 25679 | Lair:3   | Reached skill level 10 in Fighting
 26631 | Lair:4   | Found a runed translucent door.
 26634 | Lair:4   | Noticed Inib's ghost (journeyman TrFi)
 26851 | Lair:4   | Found a hole to the Spider Nest.
 26855 | Lair:4   | Offered knowledge of Iskenderun's Battlesphere by Vehumet.
 27047 | Lair:4   | Noticed Urug
 27735 | Lair:4   | Found a staircase to the Swamp.
 27752 | Lair:4   | Got the Incunabulum of Curses
 28007 | Lair:5   | Found a transporter.
 28007 | Lair:5   | Noticed Seod's ghost (journeyman FoAK)
 28011 | Lair:5   | Found a transporter.
 28347 | Lair:5   | Identified the +3 scale mail of the First Snow {+Inv rElec
                  | Dex+6}
 28728 | Lair:5   | Found a staircase to the Slime Pits.
 29388 | D:8      | Reached skill level 5 in Unarmed Combat
 29388 | D:8      | Killed kae's ghost
 29626 | D:8      | Identified the +7 scimitar "Taiv" {vorpal, MP+9 Str+3}
 29882 | Lair:2   | Found a runed translucent gate.
 29882 | Lair:2   | Found a runed translucent gate.
 29882 | Lair:2   | Found a runed translucent gate.
 29882 | Lair:2   | Found a runed translucent gate.
 29883 | Lair:2   | Found a runed translucent gate.
 29884 | Lair:2   | Found a runed translucent gate.
 30076 | D:12     | Reached XP level 14. HP: 56/66 MP: 13/25
 30169 | D:12     | Reached skill level 13 in Stealth
 30398 | D:12     | Demolished by a boulder beetle
 30399 | D:12     | Reached XP level 13. HP: -20/61 MP: 14/24
 30914 | D:12     | Offered knowledge of Lee's Rapid Deconstruction by Vehumet.
 31032 | D:12     | Found a staircase to the Orcish Mines.
 31295 | D:12     | Noticed Kirke
 31470 | D:12     | Killed Kirke
 32325 | Orc:1    | Entered Level 1 of the Orcish Mines
 32659 | Orc:2    | Entered Level 2 of the Orcish Mines
 32668 | Orc:2    | Found Zeton's General Store.
 32668 | Orc:2    | Noticed an orc warlord
 33581 | Orc:1    | Reached skill level 14 in Stealth
 33725 | Orc:2    | Found a staircase to the Elven Halls.
 33728 | Orc:2    | Found Wusuvul's Antique Weapon Emporium.
 34250 | Orc:2    | Found Fanyreupp's Book Shop.
 34250 | Orc:2    | Found Cieperis's Antique Weapon Boutique.
 35770 | Orc:1    | Mangled by an orc knight
 35771 | Orc:1    | Reached XP level 12. HP: -8/59 MP: 9/23
 35894 | Orc:1    | Slain by a warg

Illustrated notes

Levels and vault maps discovered:
D:1:      dpeg_arrival_ratfight, layout_loops_corners, serial_shops,
          nicolae_shop_window_shopping, basic_ecumenical_altar,
          kennysheep_crisscross, corexii_corridor_pit, palyth_stone_intersect,
          minmay_heptomino_h4
D:2:      layout_basic, uniq_robin
D:3:      layout_basic, mainiacjoe_overflow_catwalk
D:4:      layout_basic, mainiacjoe_overflow_concentric_impassable,
          amethyst_overflow_temple_binary, uniq_ijyb
D:5:      layout_loops_ring, minmay_temple_entry_junction, serial_shops,
          nicolae_shop_stone, uniq_sigmund
D:6:      layout_cave_pools, nicolae_overflow_crystal_walls, uniq_maggie,
          uniq_pikel
D:7:      layout_basic, nicolae_uskayaw_murder_on_the_dancefloor,
          enter_bailey_5, serial_shops, shop
D:8:      layout_basic, mainiacjoe_overflow_cross_hatched, dpeg_lair_monsters,
          gammafunk_ghost_hydra_chop, serial_corexii_hall,
          corexii_hall_statues_x, chequers_hall_statues_corner_a
D:9:      due_megacathedral, layout_irregular_city, corexii_hall_statues_x
D:10:     layout_basic, minivault_12, uniq_josephine, uniq_psyche, uniq_erolcha
D:11:     layout_long_grid, uniq_sonja
D:12:     layout_basic, hiddenorc1_lemuel, uniq_kirke
Temple:   regret_index_temple_waves
Lair:1:   layout_roguey, grunt_forest_large_clearings
Lair:2:   gammafunk_indiana_jones, layout_long_grid, minmay_holes
Lair:3:   layout_cave_pods, nicolae_volcano_entry_lava_flow, grunt_megastairs_1
Lair:4:   layout_gridlike, swamp_mist, nicolae_spider_entry_non_spiders,
          hellmonk_ghost_happy_afterlife, serial_bayou_shore_b, uniq_urug
Lair:5:   layout_regular_city, slime_dummy, gammafunk_ghost_arena, wad_woods_03
Orc:1:    layout_diamond_mine
Orc:2:    grunt_orc_gardens, layout_caves, grunt_orc_garden, grunt_orc_garden,
          grunt_orc_garden, grunt_orc_garden, serial_shops, shop,
          kennysheep_orc_sif_temple

Skill      XL: |  1  2  3  4  5  6  7  8  9 10 11 12 13 14 |
---------------+-------------------------------------------+-----
Ice Magic      | 4 5 6 7 8 9 10 12 | 12.0
Fighting       | 1 2 3 4 5 6 8 9 10 | 10.9
Spellcasting   | 3 4 5 6 7 |  7.0
Stealth        | 4 6 8 12 14 13 | 14.7
Dodging        | 3 4 5 6 8 |  8.0
Unarmed Combat | 1 2 3 4 7 |  7.6
Evocations     | 2 3 4 5 6 7 8 |  8.0
Conjurations   | 1 3 6 7 9 10 12 | 12.0

Action                   |  1- 3 |  4- 6 |  7- 9 | 10-12 | 13-15 || total
-------------------------+-------+-------+-------+-------+-------++-------
Melee: Unarmed           |    25 |    30 |    46 |    84 |   189 ||   374
       Bite              |     4 |     1 |     7 |     6 |    31 ||    49
       Punch             |       |       |       |     3 |     4 ||     7
 Cast: Freeze            |    56 |    45 |    32 |    23 |    32 ||   188
       Frozen Ramparts   |     7 |    19 |    26 |    66 |    71 ||   189
       Foxfire           |       |    19 |       |       |       ||    19
       Ozocubu's Armour  |       |     6 |    24 |    52 |    63 ||   145
       Searing Ray       |       |     3 |    17 |    48 |    39 ||   107
       Hailstorm         |       |       |       |   103 |    98 ||   201
Evoke: Wand              |       |       |     2 |     7 |     5 ||    14
  Use: Scroll            |     6 |    10 |     3 |     6 |     8 ||    33
       Potion            |       |       |     4 |     1 |     3 ||     8
 Stab: Sleeping          |     9 |     8 |       |     9 |    24 ||    50
       Distracted        |     1 |       |       |       |     1 ||     2
       Paralysed         |       |       |       |       |     2 ||     2
Armor: Skin              |     2 |     5 |    17 |    38 |    63 ||   125
Dodge: Dodged            |    43 |    47 |    95 |   264 |   334 ||   783

Table legend: (Time is in decaauts)
 A = Elapsed time spent in this place.
 B = Non-inter-level travel time spent in this place.
 C = Inter-level travel time spent in this place.
 D = Time resting spent in this place.
 E = Time spent auto-exploring this place.
 F = Levels seen in this place.
 G = Mean time per level.
                   A        B        C        D        E       F      G
               +--------+--------+--------+--------+--------+-----+--------+
         Total |  32763 |  31271 |   1492 |   9505 |  17196 |  21 | 1560.1 |
       Dungeon |  21620 |  20696 |    924 |   5870 |  11975 |  12 | 1801.7 |
        Temple |    129 |     90 |     39 |      0 |     79 |   1 |  129.0 |
          Lair |   6725 |   6413 |    312 |    852 |   4449 |   5 | 1345.0 |
  Orcish Mines |   3118 |   2902 |    216 |   1884 |    617 |   2 | 1559.0 |
        Bailey |   1169 |   1169 |      0 |    899 |     75 |   1 | 1169.0 |
               +--------+--------+--------+--------+--------+-----+--------+

Top non-repeatable levels by time:
     D:8: 3107 daAuts
   Orc:1: 2846 daAuts
    D:12: 2437 daAuts
     D:1: 2242 daAuts
     D:9: 2196 daAuts
     D:6: 1940 daAuts
    D:10: 1893 daAuts
  Lair:1: 1834 daAuts
     D:4: 1585 daAuts
  Lair:2: 1401 daAuts
     D:7: 1385 daAuts
     D:2: 1318 daAuts
     D:5: 1294 daAuts
    D:11: 1233 daAuts
  Lair:4: 1179 daAuts
